 Dungeon Crawl Stone Soup version 0.30-a0-373-gd37427bb62 (webtiles) character file.

Game seed: 16103068619085387460

131 qeuew the Trooper (level 4, -3/37 HPs)
             Began as a Demonspawn Monk on Nov 24, 2022.
             Was an Initiate of Gozag.
             Slain by a gnoll
             ... wielding a +2 spear of venom
              (5 damage)
             ... on level 3 of the Dungeon.
             The game lasted 00:03:03 (1695 turns).

qeuew the Trooper (Demonspawn Monk)                 Turns: 1695, Time: 00:03:04

Health: -3/37      AC:  3    Str: 13    XL:     4   Next: 91%
Magic:  4/4        EV: 14    Int: 11    God:    Gozag
Gold:   329        SH:  0    Dex: 20    Spells: 3/3 levels left

rFire   . . .      SeeInvis +    a - +0 hand axe
rCold   . . .      Faith    .    (no shield)
rNeg    . . .      Spirit   .    b - +1 robe
rPois   +          Reflect  .    (no helmet)
rElec   .          Harm     .    (no cloak)
rCorr   +          Rampage  .    (no gloves)
Will    .....                    (no boots)
Stlth   +.........               (no amulet)
HPRegen 0.26/turn                k - +4 ring of slaying
MPRegen 0.09/turn                d - ring "Wupnutob" {rPois rCorr Dex+4 SInv}

@: confused, lethally poisoned (-3 -> -7), ambrosia-drunk, gold aura
A: hooves 1, foul stench 1
a: Renounce Religion, Potion Petition, Call Merchant, Bribe Branch


You were on level 3 of the Dungeon.
You worshipped Gozag.
Gozag was aware of your devotion.
You visited 1 branch of the dungeon, and saw 3 of its levels.

You collected 329 gold pieces.

Inventory:

Hand Weapons
 a - a +0 hand axe (weapon)
Armour
 b - a +1 robe (worn)
Jewellery
 d - the ring "Wupnutob" (right hand) {rPois rCorr Dex+4 SInv}
   (You acquired it on level 1 of the Dungeon)

   [ring of see invisible]

   Dex:       It affects your dexterity (+4).
   rPois:     It protects you from poison.
   SInv:      It lets you see invisible.
   rCorr:     It protects you from acid and corrosion.
 k - a +4 ring of slaying (left hand)
 l - a +4 ring of evasion
Scrolls
 f - a scroll of summoning {unknown}
 g - a scroll of enchant armour
 j - 3 scrolls of teleportation {unknown}
Potions
 e - a potion of magic
 h - 3 potions of resistance {unknown}
 i - a potion of flight {unknown}


   Skills:
 + Level 3.8 Fighting
 + Level 3.5 Axes
 + Level 1.8 Armour
 + Level 3.4 Dodging
 - Level 1.7 Stealth


You had 3 spell levels left.
You didn't know any spells.
Your spell library contained the following spells:

 Spells                   Type           Power      Damage    Failure   Level
 Ignite Poison            Fire/Tmut/Pois 0%         N/A       71%         3
 Sticky Flame             Conj/Fire      0%         2d3       98%         4
 Ignition                 Fire           0%         3d3       100%        8


Dungeon Overview and Level Annotations

Branches:
Dungeon (3/15)

Altars:
Gozag

Shops:
D:2 (:


Innate Abilities, Weirdness & Mutations

You have large cloven feet.
You may rarely emit foul miasma when damaged in melee.


Message History

You are lethally poisoned!
The quokka closely misses you.
You barely miss the adder. Your kick misses the adder.
You hit the quokka but do no damage.
* * * LOW HITPOINT WARNING * * *
You feel very sick. The adder completely misses you. The adder bites you.
* * * LOW HITPOINT WARNING * * *
The quokka misses you. The gnoll misses you.
The gnoll hits you from afar with a +2 spear of venom.
* * * LOW HITPOINT WARNING * * *
Unknown command.
You bump into the rock wall.
* * * LOW HITPOINT WARNING * * *
You feel sick. The adder misses you. The quokka misses you.
The gnoll barely misses you.
The gnoll hits you from afar with a +2 spear of venom.
* * * LOW HITPOINT WARNING * * *
Unknown command.
You hit the quokka.
You kill the quokka!
You miss the adder.
* * * LOW HITPOINT WARNING * * *
You feel sick. The adder closely misses you. The gnoll misses you.
The gnoll barely misses you. The adder closely misses you.
Unknown command.
You hit the adder. Your kick misses the adder.
The adder is lightly wounded.
You hit the gnoll.
* * * LOW HITPOINT WARNING * * *
You feel sick. The gnoll hits you but does no damage.
The gnoll barely misses you. The adder closely misses you.
Unknown command.
You're too confused to move!
You feel sick. The adder barely misses you. The gnoll hits you with a +0 whip.
* * * LOW HITPOINT WARNING * * *
The gnoll completely misses you.
The gnoll hits you from afar with a +2 spear of venom.
You die...
Your body crumbles into a pile of gold.

# #........#
#.#.# #........#
#.#.#
#........###.#.#
#..............#
#.........##.###
#####..###.###.#
#..............#
##
#........#####
.# #.#g@##### .#
#$S# .# .gg.. .#
.....##. .#
<..###. #. .# .#
#. ># .# #. # ##
#.


You could see 3 gnolls and an adder.

Vanquished Creatures
  A hound (D:3)
  A gnoll (D:3)
  3 adders
  A worm (D:2)
  2 dart slugs
  3 ball pythons
  3 endoplasms
  2 giant cockroaches (D:2)
  5 goblins
  3 hobgoblins (D:1)
  9 jackals
  3 quokkas
  5 bats
  4 frilled lizards
  4 kobolds
  3 rats
52 creatures vanquished.

Notes
Turn   | Place    | Note
-------+----------+-------------------------------------------
     0 | D:1      | qeuew the Demonspawn Monk began the quest for the Orb.
     0 | D:1      | Reached XP level 1. HP: 18/18 MP: 1/1
   144 | D:1      | Gained mutation: You have large cloven feet. [demonic
                  | ancestry]
   144 | D:1      | Reached XP level 2. HP: 24/24 MP: 2/2
   674 | D:1      | Identified a scroll of acquirement
   674 | D:1      | Acquired the ring "Wupnutob" {rPois rCorr Dex+4 SInv}
   729 | D:2      | Found a faded altar of an unknown god.
   733 | D:2      | Reached skill level 1 in Armour
   737 | D:2      | Gained mutation: You may rarely emit foul miasma when
                  | damaged in melee. [demonic ancestry]
   737 | D:2      | Reached XP level 3. HP: 25/29 MP: 3/3
   738 | D:2      | Noticed a golden eye
   738 | D:2      | Noticed a golden eye
   739 | D:2      | Noticed a great orb of eyes
   739 | D:2      | Noticed a floating eye
   744 | D:2      | Prayed at the altar of an unknown god.
   744 | D:2      | Became a worshipper of Gozag Ym Sagoz the Greedy
   855 | D:2      | Found Byukk's Weapon Boutique.
   941 | D:2      | Found Venehor's Vocational Training.
  1337 | D:3      | Reached XP level 4. HP: 32/35 MP: 4/4
  1691 | D:3      | HP: 1/37 [gnoll/+2 spear of venom (2)]
  1695 | D:3      | Slain by a gnoll

Illustrated notes

Levels and vault maps discovered:
D:1:      evilmike_arrival_hilbert_curve, layout_basic
D:2:      layout_rooms, serial_shops, nicolae_shop_bloodbath_and_beyond,
          hellmonk_ecumenical_altar_watching_god, nicolae_shop_vocational
D:3:      layout_basic

Skill      XL: |  1  2 |
---------------+-------+-----
Axes           | 3 |  3.5
Dodging        | 3 |  3.4
Armour         | 1 |  1.8
Fighting       | |  3.8
Stealth        | |  1.7

Action                   |  1- 3 |  4- 6 || total
-------------------------+-------+-------++-------
Melee: Hand axe          |    83 |    18 ||   101
       Kick              |    15 |     9 ||    24
       Punch             |     1 |       ||     1
  Use: Scroll            |     8 |       ||     8
       Potion            |     3 |     1 ||     4
 Stab: Sleeping          |     1 |     1 ||     2
Armor: Robe              |    14 |     2 ||    16
Dodge: Dodged            |    47 |    33 ||    80

Table legend: (Time is in decaauts)
 A = Elapsed time spent in this place.
 B = Non-inter-level travel time spent in this place.
 C = Inter-level travel time spent in this place.
 D = Time resting spent in this place.
 E = Time spent auto-exploring this place.
 F = Levels seen in this place.
 G = Mean time per level.
                   A        B        C        D        E       F      G
               +--------+--------+--------+--------+--------+-----+--------+
         Total |   1719 |   1665 |     54 |      0 |   1338 |   3 |  573.0 |
       Dungeon |   1719 |   1665 |     54 |      0 |   1338 |   3 |  573.0 |
               +--------+--------+--------+--------+--------+-----+--------+

Top non-repeatable levels by time:
     D:1: 714 daAuts
     D:2: 545 daAuts
     D:3: 459 daAuts
